 Dungeon Crawl Stone Soup version 0.22-a0-346-ga714374 (webtiles) character file.

54521 4thArraOfDagon the Severer (level 14, 0/139 HPs)
             Began as a Hill Orc Conjurer on Apr 6, 2018.
             Was the Champion of Fedhas.
             Slain by a reaper
             ... wielding a +0 scythe of pain
             ... summoned by a deep elf demonologist
              (29 damage)
             ... on level 3 of the Elven Halls.
             The game lasted 01:13:07 (15968 turns).

4thArraOfDagon the Severer (Hill Orc Conjurer)     Turns: 15968, Time: 01:13:07

Health: 0/139      AC: 16    Str: 12    XL:     14   Next: 73%
Magic:  19/19      EV: 13    Int: 19    God:    Fedhas [******]
Gold:   906        SH:  0    Dex: 11    Spells: 13/23 levels left

rFire    . . .     SeeInvis +   x - +1 hand axe (elec)
rCold    . . .     Gourm    +   (no shield)
rNeg     + . .     Faith    .   (armour currently unavailable)
rPois    ∞         Spirit   .   f - +1 helmet
rElec    +         Reflect  .   s - +2 cloak {MR+}
rCorr    .         Harm     .   (gloves currently unavailable)
MR       ++...                  (boots currently unavailable)
Stlth    ++........             o - amulet of the gourmand
HPRegen  0.33/turn              c - ring of flight
MPRegen  0.16/turn              P - ring of see invisible

@: lethally poisoned (0 -> 0), statue-form, corroded, very slow
A: blink, low mp 1
a: End Transformation, Blink, Fungal Bloom, Evolution, Sunlight, Growth,
Reproduction, Rain, Renounce Religion, Evoke Flight


You were on level 3 of the Elven Halls.
You worshipped Fedhas.
Fedhas was exalted by your worship.
You were full.
You were a stone statue.
You visited 4 branches of the dungeon, and saw 21 of its levels.

You collected 1935 gold pieces.
You spent 1029 gold pieces at shops.

Inventory:

Hand Weapons
 x - a +1 hand axe of electrocution (weapon)
 B - a +0 antimagic battleaxe
 T - a +2 eveningstar of protection
Missiles
 C - 4 curare-tipped needles
Armour
 a - a +0 robe
 f - a +1 helmet (worn)
 k - a +0 scale mail
 l - a +2 pair of boots (melded)
 s - a +2 cloak of magic resistance (worn)
 z - a +2 buckler
 G - the +3 leather armour of Resilience (melded) {rElec Dex+7}
   (You found it on level 1 of the Elven Halls)

   It affects your dexterity (+7).
   It insulates you from electricity.
 H - a +0 cloak
 L - a +2 hat
 Q - a +0 troll leather armour
 U - a +2 shield
 Z - a +2 plate armour of cold resistance
Magical Staves
 M - an uncursed staff of cold
Jewellery
 c - a ring of flight (left hand)
 o - an amulet of the gourmand (around neck)
 E - an uncursed ring of fire
 P - a ring of see invisible (right hand)
Wands
 w - a wand of flame (11)
 O - a wand of clouds (1)
 S - a wand of random effects (19)
 X - a wand of enslavement (12)
Scrolls
 d - a scroll of immolation {unknown}
 e - 5 scrolls of amnesia
 g - 6 scrolls of remove curse
 h - 2 scrolls of torment {unknown}
 i - 3 scrolls of magic mapping
 n - 2 scrolls of random uselessness {unknown}
 q - 2 scrolls of blinking
 r - 4 scrolls of enchant weapon
 u - a scroll of enchant armour
 J - a scroll of noise {unknown}
 W - a scroll of teleportation
Potions
 j - a potion of lignification
 m - a potion of resistance
 p - 4 potions of curing
 t - 2 potions of flight
 v - 3 potions of might
 A - 5 potions of heal wounds
 D - 4 potions of magic
 F - 2 potions of haste
 I - a potion of invisibility
 K - 4 potions of brilliance
 N - a potion of berserk rage
 R - a potion of cancellation
Miscellaneous
 y - a lightning rod (inert)
 Y - a lamp of fire


   Skills:
 - Level 5.1 Fighting
 * Level 17.1 Axes
 - Level 6.4 Armour
 + Level 3.3 Dodging
 - Level 1.5 Stealth
 - Level 5.0 Spellcasting
 - Level 4.0 Conjurations
 - Level 7.2 Charms
 - Level 8.0 Necromancy
 * Level 7.1 Transmutations
 * Level 9.2 Earth Magic
 - Level 10.0 Invocations


You had 13 spell levels left.
You knew the following spells:

 Your Spells              Type           Power        Failure   Level  Hunger
a - Magic Dart            Conj           ###.         2%          1    None
b - Regeneration          Chrm/Necr      ####......   1%          3    ##.....
c - Statue Form           Tmut/Erth      #####....    54%         6    #######


Dungeon Overview and Level Annotations

Branches:
Dungeon (15/15)            Temple (1/1) D:5            Lair (0/6) D:10
    Orc (2/2) D:12            Elf (3/3) Orc:2
 Vaults: D:13-14     Depths: D:15

Altars:
Ashenzari
Dithmenos
Fedhas
Gozag
Kikubaaqudgha
Makhleb
Nemelex Xobeh
Okawaru
Qazlal
Ru
Sif Muna
Trog
Uskayaw
Vehumet
Wu Jian
Xom
Yredelemnul
Zin
The Shining One
Beogh

Shops:
D:4 !   Orc:1 %   Orc:2 *:%(!![   Elf:2 [

Annotations:
D:3 ReniFell's ghost, amateur DEFE
D:5 Prince Ribbit; xccam's ghost, novice GnWn
D:12 xccam's ghost, journeyman GnWn
D:14 Frances
Elf:2 exclusion: upstairs


Innate Abilities, Weirdness & Mutations

((You are partially covered in molten scales. (AC +2)))
You can translocate small distances at will.
Your magical capacity is low. (-10% MP)


Message History

The sixfirhy hits you but does no damage.
The rust devil hits you.
* * * LOW HITPOINT WARNING * * *
The rust devil corrodes you!
The deep elf demonologist hits you but does no damage.
The sixfirhy closely misses you.
A deep elf blademaster comes into view. It is wielding two rapiers.
Unknown command.
Unknown command.
You hit the deep elf demonologist but do no damage.
The deep elf demonologist is almost dead.
You hit the rust devil but do no damage.
You hit the sixfirhy. You closely miss the reaper. The sixfirhy hits you.
* * * LOW HITPOINT WARNING * * *
The sixfirhy shocks you. You resist.
* * * LOW HITPOINT WARNING * * *
The sixfirhy hits you but does no damage.
The reaper hits you with a scythe of pain!!
You die...
Fedhas appreciates your contribution to the ecosystem.

*,,,,,*** #.#
***,,,,,***,* *,,,***
#.# ***,,,***,*** *,***
#e# ***,***,,,, *** #)#
****,,<,, ***** #)# ####
******* * **,*,* #)#
#..#####.# ** **,**,*
#)# #..).....#
,***,**#.#
#e#####.######## *,,,**
#.#####2e8..).# **,**
#.##....432...########**
*,*
#.##.####.............,*
#*.** #.##.#
#.....########,* #...**
#.##.# ###..## *,*
,,#..###.##.# ##.# *,*
,**#......#.# #.#
***,*** ,,#..##.#.#.#
#.# *,,,,,*
#..,**#.#.#.# #.#
**,,,,,*


You could see a deep elf blademaster, a reaper, a deep elf demonologist, a rust
devil, a sixfirhy and a tormentor.

Vanquished Creatures
  An orc warlord (Orc:1)
  2 deep elf sorcerers
  A deep elf annihilator (Elf:3)
  3 hydras
  A tengu warrior (D:14)
  6 two-headed ogres
  The ghost of Nattefrost the Magician, a novice GnFE of Vehumet (D:8)
  Urug (D:13)
  3 deep elf knights
  An orc high priest (Orc:2)
  2 unseen horrors
  2 deep elf archers
  2 orc knights (Orc:2)
  9 orc sorcerers
  4 deep elf magi
  3 manticores
  5 cyclopes
  A spiny frog (shapeshifter) (Elf:2)
  2 gargoyles
  2 kobold demonologists (D:11)
  6 trolls
  4 hippogriffs
  9 slime creatures
  A meliai zombie (D:14)
  2 shadows
  A fire elemental (Elf:3)
  A human (D:9)
  10 yaks
  A hungry ghost (D:7)
  10 wargs
  An acid dragon (D:8)
  4 water moccasins
  4 black bears
  An ice beast (D:12)
  22 orc warriors
  A necrophage (D:12)
  16 ogres
  12 centaurs
  A crocodile (D:14)
  7 bullfrogs
  2 earth elementals (Elf:3)
  2 big kobolds
  Blork the orc (D:14)
  A water moccasin zombie (D:8)
  2 scorpions
  3 howler monkeys (D:13)
  6 crimson imps
  4 hounds
  A centaur zombie (D:8)
  7 jellies
  39 orc wizards
  2 bullfrog skeletons
  11 orc priests
  4 centaur skeletons
  4 iguanas
  2 worker ants
  2 hound skeletons
  A howler monkey zombie (D:8)
  A gnoll (shapeshifter) (Elf:1)
  8 gnolls
  16 adders
  3 shadow imps
  5 oozes
  An adder skeleton (D:4)
  4 worms
  A dart slug (D:1)
  9 leopard geckos
  87 orcs
  A ball python (D:2)
  9 giant cockroaches
  8 goblins
  13 hobgoblins
  14 jackals
  6 quokkas
  6 bats
  11 frilled lizards
  22 kobolds
  A leopard gecko skeleton (D:7)
  A leopard gecko zombie (D:4)
  8 rats
495 creatures vanquished.

Vanquished Creatures (collateral kills)
  A deep elf blademaster (Elf:3)
  Roxanne (D:14)
  3 deep elf sorcerers (Elf:3)
  4 deep elf demonologists (Elf:3)
  2 deep elf death magi (Elf:3)
  Erolcha (Orc:2)
  3 deep elf high priests (Elf:3)
  An ogre mage (Orc:2)
  A hydra (D:14)
  A two-headed ogre (D:10)
  A dancing weapon (Elf:1)
  A deep elf knight (Elf:1)
  A deep elf archer (Elf:3)
  2 orc sorcerers (Orc:2)
  9 deep elf magi
  2 trolls (D:10)
  3 porcupines (D:10)
  A black bear (D:10)
  An ogre (D:10)
  2 crocodiles (D:10)
  2 bullfrogs (D:14)
  2 scorpions (D:10)
  A quasit (D:10)
  2 orc wizards (Orc:2)
48 creatures vanquished.

Vanquished Creatures (others)
  An oklob plant (Elf:3)
  A wandering mushroom (D:14)
  A sky beast (D:9)
  An orc wizard (Orc:2)
  13 fungi (D:10)
  5 plants (D:10)
  408 toadstools
430 creatures vanquished.

Grand Total: 973 creatures vanquished

Notes
Turn   | Place    | Note
-------+----------+-------------------------------------------
     0 | D:1      | 4thArraOfDagon the Hill Orc Conjurer began the quest for the Orb.
     0 | D:1      | Reached XP level 1. HP: 14/14 MP: 3/3
    24 | D:1      | Reached skill level 1 in Fighting
    57 | D:1      | Reached XP level 2. HP: 21/24 MP: 1/4
   428 | D:2      | Reached XP level 3. HP: 22/31 MP: 2/5
   643 | D:2      | Reached XP level 4. HP: 25/41 MP: 6/6
   942 | D:3      | Noticed ReniFell's ghost (amateur DEFE)
   955 | D:4      | Reached skill level 5 in Fighting
  1097 | D:4      | Reached skill level 1 in Axes
  1110 | D:4      | Reached XP level 5. HP: 30/48 MP: 2/7
  1203 | D:4      | Found Xaudghea's Distillery.
  1241 | D:4      | Bought a potion of lignification for 42 gold pieces
  1241 | D:4      | Bought a potion of lignification for 42 gold pieces
  1241 | D:4      | Bought a potion of degeneration for 14 gold pieces
  1352 | D:4      | Reached skill level 2 in Axes
  1605 | D:5      | Entered Level 5 of the Dungeon
  1690 | D:5      | Reached skill level 3 in Axes
  1789 | D:5      | Noticed an ogre
  1789 | D:5      | Found a staircase to the Ecumenical Temple.
  1826 | Temple   | Entered the Ecumenical Temple
  1856 | Temple   | Became a worshipper of Fedhas Madash
  1878 | D:5      | Killed an ogre
  1878 | D:5      | Reached skill level 4 in Axes
  1878 | D:5      | Reached skill level 1 in Invocations
  1878 | D:5      | Reached XP level 6. HP: 48/56 MP: 8/8
  1915 | D:5      | Noticed Prince Ribbit
  1991 | D:5      | Noticed xccam's ghost (novice GnWn)
  2251 | D:2      | Reached skill level 5 in Axes
  2328 | D:2      | Reached * piety under Fedhas
  2560 | D:1      | 4thArraOfDagon: ugram to? :p
  2740 | D:1      | Found a glowing golden altar of the Shining One.
  2859 | D:2      | Reached ** piety under Fedhas
  2900 | D:2      | Reached skill level 1 in Armour
  3091 | D:2      | Reached XP level 7. HP: 61/61 MP: 9/9
  3586 | D:3      | Reached skill level 6 in Axes
  4448 | D:6      | Reached skill level 7 in Axes
  4511 | D:6      | Reached XP level 8. HP: 68/68 MP: 11/11
  4608 | D:6      | Reached skill level 8 in Axes
  4610 | D:6      | Thaneod: fedhas na cala gre?
  4653 | D:6      | Reached skill level 5 in Invocations
  4998 | D:6      | 4thArraOfDagon: chyba tak, jest lipny wiec tak :)
  4999 | D:7      | Found a burning altar of Makhleb.
  4999 | D:7      | Found a bloodstained altar of Trog.
  4999 | D:7      | Found an ornate altar of the Wu Jian Council.
  5000 | D:7      | Found a sacrificial altar of Ru.
  5000 | D:7      | Found a glowing golden altar of the Shining One.
  5002 | D:7      | Found a deep blue altar of Sif Muna.
  5002 | D:7      | Found a stormy altar of Qazlal.
  5003 | D:7      | Found a shimmering altar of Xom.
  5021 | D:7      | Thaneod: haha
  5082 | D:7      | Learned a level 3 spell: Regeneration
  5099 | D:7      | Thaneod: i - the +2 pair of gloves of Ruiwni (worn) {MP+9)
  5118 | D:7      | Thaneod: total 109 mp
  5229 | D:9      | Thaneod: wszystkie umiejetnosci fedhasa wymagaja zarcia?
  5238 | D:9      | Reached skill level 1 in Necromancy
  5249 | D:9      | Reached skill level 1 in Charms
  5807 | D:7      | Reached *** piety under Fedhas
  5918 | D:7      | 4thArraOfDagon: ta
  5994 | D:7      | Reached skill level 9 in Axes
  5996 | D:7      | Reached XP level 9. HP: 50/74 MP: 13/13
  6084 | D:8      | Thaneod: no to bida
  6372 | D:8      | Noticed a two-headed ogre
  6379 | D:8      | Killed a two-headed ogre
  6464 | D:8      | Reached skill level 10 in Axes
  6489 | D:8      | Noticed a two-headed ogre
  6497 | D:8      | HP: 2/74 [two-headed ogre/giant spiked club (6)]
  6498 | D:8      | Killed a two-headed ogre
  6498 | D:8      | Reached skill level 5 in Armour
  6498 | D:8      | Reached XP level 10. HP: 2/81 MP: 13/15
  6684 | D:8      | Noticed Nattefrost's ghost (novice GnFE)
  6781 | D:9      | Thaneod: !stalk Thaneod
  6782 | D:9      | beem: Thaneod the L27 DEFE^Veh in Zig:24 (cxc tiles), T:135060, runes: 14 (iron, bone, icy...), defenses: 28/35/20, stats: 8/47/19, >15 skills: Fighting,Long Blades,Axes,Staves,Throwing,Armour,Dodging,Stealth,Shields,Unarmed Combat,Spellcasting,Conjurations,Charms,Necromancy,Translocations,Transmutations,Fire Magic,Ice Magic,Air Magic,Earth Magic,Invocations,Evocations, Max skills: Fighting,Axes,Staves...
  6782 | D:9      | 4thArraOfDagon: juz
  6793 | D:9      | Reached skill level 5 in Necromancy
  6890 | D:9      | Reached skill level 11 in Axes
  6907 | D:9      | Reached **** piety under Fedhas
  6992 | D:9      | Reached skill level 5 in Charms
  7139 | D:10     | Entered Level 10 of the Dungeon
  7216 | D:10     | Noticed a two-headed ogre
  7224 | D:10     | Killed a two-headed ogre
  7326 | D:10     | Reached XP level 11. HP: 69/86 MP: 16/16
  7422 | D:10     | Found a staircase to the Lair.
  7567 | D:10     | Noticed a two-headed ogre
  7577 | D:10     | Noticed an unseen horror
  7585 | D:10     | Killed a two-headed ogre
  7602 | D:10     | Killed an unseen horror
  7691 | D:10     | Found an ornate altar of the Wu Jian Council.
  7732 | D:10     | Gained mutation: You can translocate small distances at will. [potion of mutation]
  7732 | D:10     | Gained mutation: Your magical capacity is low. (-10% MP) [potion of mutation]
  7732 | D:10     | Gained mutation: You are partially covered in molten scales. (AC +2) [potion of mutation]
  7882 | D:11     | Noticed a two-headed ogre
  7903 | D:11     | Killed a two-headed ogre
  7903 | D:11     | Reached skill level 12 in Axes
  8044 | D:11     | Found a hide-covered altar of Uskayaw.
  8133 | D:11     | Thaneod: You finish putting on the +4 plate armour "Put-Me-On" {rElec rN+++ Regen+ Str-2}.
  8165 | D:12     | Noticed xccam's ghost (journeyman GnWn)
  8273 | D:13     | Noticed a manticore
  8288 | D:13     | Killed a manticore
  8321 | D:13     | Noticed Urug
  8381 | D:13     | Noticed a cyclops
  8402 | D:13     | Killed a cyclops
  8423 | D:13     | Noticed an eight-headed hydra
  8423 | D:13     | Noticed a cyclops
  8471 | D:13     | Killed a cyclops
  8471 | D:13     | Killed an eight-headed hydra
  8574 | D:13     | Killed Urug
  8598 | D:13     | Found a shadowy altar of Dithmenos.
  8647 | D:13     | Reached XP level 12. HP: 82/94 MP: 16/16
  8687 | D:14     | Noticed an eight-headed hydra
  8761 | D:14     | Noticed a tengu warrior
  8800 | D:14     | Killed a tengu warrior
  8878 | D:15     | Entered Level 15 of the Dungeon
  8896 | D:14     | Found a sparkling altar of Nemelex Xobeh.
  8911 | D:14     | Reached skill level 13 in Axes
  9049 | D:14     | Noticed a tengu warrior
  9049 | D:14     | Noticed a tengu warrior
  9065 | D:14     | Noticed Roxanne
  9128 | D:14     | Reached ***** piety under Fedhas
  9147 | D:14     | Noticed a four-headed hydra
  9171 | D:14     | Killed Roxanne
  9175 | D:14     | Killed a four-headed hydra
  9175 | D:14     | Reached skill level 5 in Spellcasting
  9191 | D:14     | Identified Roxanne's Incunabulum of Moulding (You took it off Roxanne on level 14 of the Dungeon)
  9202 | D:14     | Learned a level 6 spell: Statue Form
  9268 | D:14     | Noticed Frances
  9311 | D:14     | Killed an eight-headed hydra
  9332 | D:14     | Noticed Blork the orc
  9338 | D:14     | Killed Blork the orc
  9452 | D:13     | Reached skill level 1 in Earth Magic
  9519 | D:13     | Reached skill level 1 in Transmutations
  9620 | D:13     | Noticed a two-headed ogre
  9634 | D:13     | Killed a two-headed ogre
  9634 | D:13     | Reached skill level 10 in Invocations
  9695 | D:13     | Reached skill level 14 in Axes
 10156 | D:11     | Noticed a four-headed hydra
 10167 | D:11     | Killed a four-headed hydra
 10199 | D:11     | Noticed a sun demon
 10205 | D:11     | Noticed a sun demon
 10507 | D:8      | Killed Nattefrost's ghost
 10507 | D:8      | Reached XP level 13. HP: 63/100 MP: 16/18
 11180 | D:11     | 4thArraOfDagon: !stalk thaneod
 11180 | D:11     | beem: Thaneod the L27 DEFE^Veh in Zig:11 (cxc tiles), T:136687, runes: 14 (iron, bone, icy...), defenses: 28/35/20, stats: 8/47/19, >15 skills: Fighting,Long Blades,Axes,Maces & Flails,Staves,Throwing,Armour,Dodging,Stealth,Shields,Unarmed Combat,Spellcasting,Conjurations,Hexes,Charms,Summonings,Necromancy,Translocations,Transmutations,Fire Magic,Ice Magic,Air Magic,Earth Magic,Invocations,Evocations, ...
 11782 | D:12     | Reached skill level 5 in Earth Magic
 12106 | D:12     | Reached skill level 15 in Axes
 12215 | D:12     | Found a staircase to the Orcish Mines.
 12342 | D:12     | mmm
 12417 | Orc:1    | Entered Level 1 of the Orcish Mines
 12477 | D:12     | p0werm0de: watup
 12483 | Orc:1    | p0werm0de: fedhas really
 12612 | Orc:1    | Noticed an orc warlord
 12716 | Orc:1    | Killed an orc warlord
 12738 | Orc:1    | Found a roughly hewn altar of Beogh.
 12805 | Orc:2    | Entered Level 2 of the Orcish Mines
 12847 | Orc:2    | Found Jom Qoz's Weapon Shoppe.
 12880 | Orc:2    | Thaneod: yeap
 12914 | Orc:2    | Thaneod: always crap combo:)
 12985 | Orc:2    | Found a staircase to the Elven Halls.
 13005 | Orc:2    | Found a roughly hewn altar of Beogh.
 13088 | Orc:1    | Found Ujeich's Food Emporium.
 13126 | Orc:2    | Reached ****** piety under Fedhas
 13363 | Orc:2    | p0werm0de: not exactly crap
 13368 | Orc:2    | p0werm0de: but unfun
 13370 | Orc:2    | p0werm0de: and
 13375 | Orc:2    | p0werm0de: !hs * fedhas
 13377 | Orc:2    | beem: 26842. 4thArraOfDagon the Force of Nature (L27 MiEn of Fedhas), escaped with the Orb and 15 runes on 2017-07-29 13:02:21, with 29419538 points after 50481 turns and 5:44:06.
 13399 | Orc:2    | p0werm0de: has this alrdy
 13471 | Orc:2    | Reached skill level 5 in Transmutations
 13653 | Orc:2    | Found Upeuc's Food Boutique.
 13736 | Orc:1    | p0werm0de: !shatter ReniFell
 13742 | Orc:1    | beem: p0werm0de mumbles some strange words. msg rumbles around p0werm0de! ReniFell shudders from the earth-shattering force.
 13784 | Orc:2    | p0werm0de: https://www.youtube.com/watch?v=wQlHYvy0xdU
 13804 | Orc:2    | Found Uhoumets's Assorted Antiques.
 13845 | Orc:2    | Bought a bubbling dark potion for 28 gold pieces
 13845 | Orc:2    | Bought a scroll labeled MOCLIMNIER for 32 gold pieces
 13845 | Orc:2    | Bought a scroll labeled HAOLOO ZON UREBIU for 32 gold pieces
 14102 | Orc:2    | Thaneod: !malmutate beem
 14248 | Orc:2    | Paralysed by an orc sorcerer for 5 turns
 14253 | Orc:2    | Reached skill level 16 in Axes
 14301 | Orc:2    | Found Wotin's Antique Armour Shoppe.
 14310 | Orc:2    | Bought a brightly glowing scale mail for 207 gold pieces
 14338 | Orc:2    | Found a radiant altar of Vehumet.
 14338 | Orc:2    | Noticed an ogre mage
 14339 | Orc:2    | Noticed Erolcha
 14353 | Orc:2    | Killed Erolcha
 14357 | Orc:2    | Killed an ogre mage
 14370 | Orc:2    | Found Refum's Distillery.
 14398 | Orc:2    | Reached XP level 14. HP: 107/107 MP: 15/19
 14418 | Orc:2    | Found an ancient bone altar of Kikubaaqudgha.
 14443 | Orc:2    | Found a roughly hewn altar of Beogh.
 14443 | Orc:2    | Found Fyfirutz's Distillery.
 14494 | Orc:2    | Found Xuthrauk's Book Shoppe.
 14514 | Orc:2    | Bought a potion of might for 56 gold pieces
 14514 | Orc:2    | Bought a potion of haste for 140 gold pieces
 14514 | Orc:2    | Bought a potion of heal wounds for 70 gold pieces
 14514 | Orc:2    | Bought a potion of heal wounds for 70 gold pieces
 14514 | Orc:2    | Bought a potion of heal wounds for 70 gold pieces
 14514 | Orc:2    | Bought a potion of heal wounds for 70 gold pieces
 14514 | Orc:2    | Bought a potion of brilliance for 56 gold pieces
 14532 | Orc:2    | Bought a potion of curing for 30 gold pieces
 14532 | Orc:2    | Bought a potion of brilliance for 40 gold pieces
 14532 | Orc:2    | Bought a potion of curing for 30 gold pieces
 14616 | Elf:1    | Entered Level 1 of the Elven Halls
 14893 | Elf:2    | Noticed a deep elf elementalist
 14940 | Elf:1    | Got a spiked leather armour
 14951 | Elf:1    | Identified the +3 leather armour of Resilience {rElec Dex+7} (You found it on level 1 of the Elven Halls)
 15022 | Elf:2    | Found Elea's Armour Shop.
 15091 | Elf:1    | Identified the cursed +1 scale mail of Spite {rElec} (You bought it in a shop on level 2 of the Orcish Mines)
 15119 | Elf:1    | p0werm0de: !polymorph Thaneod
 15125 | Elf:1    | beem: p0werm0de zaps a wand. Thaneod evaporates and reforms as a minotaur!
 15159 | Elf:1    | Noticed a deep elf sorcerer
 15188 | Elf:1    | Killed a deep elf sorcerer
 15320 | Elf:2    | Thaneod: yeah
 15333 | Elf:2    | Thaneod: next char mibe!
 15348 | Elf:3    | Entered Level 3 of the Elven Halls
 15563 | Elf:3    | Noticed a deep elf sorcerer
 15569 | Elf:3    | Killed a deep elf sorcerer
 15579 | Elf:3    | Noticed a deep elf demonologist
 15584 | Elf:3    | Killed a deep elf demonologist
 15633 | Elf:3    | Noticed a deep elf demonologist
 15646 | Elf:3    | Noticed an Executioner
 15647 | Elf:3    | Killed a deep elf demonologist
 15657 | Elf:3    | Noticed a deep elf blademaster
 15664 | Elf:3    | Killed a deep elf blademaster
 15671 | Elf:3    | Noticed a deep elf demonologist
 15671 | Elf:3    | Killed a deep elf demonologist
 15693 | Elf:3    | Noticed a deep elf demonologist
 15700 | Elf:3    | Killed a deep elf demonologist
 15779 | Elf:3    | Noticed a deep elf sorcerer
 15790 | Elf:3    | Killed a deep elf sorcerer
 15790 | Elf:3    | Reached skill level 17 in Axes
 15806 | Elf:3    | Noticed a deep elf sorcerer
 15817 | Elf:3    | Killed a deep elf sorcerer
 15836 | Elf:3    | Noticed a deep elf sorcerer
 15849 | Elf:3    | Killed a deep elf sorcerer
 15899 | Elf:3    | Noticed a deep elf annihilator
 15930 | Elf:3    | Killed a deep elf annihilator
 15947 | Elf:3    | Noticed a deep elf demonologist
 15964 | Elf:3    | Noticed a reaper
 15968 | Elf:3    | Noticed a deep elf blademaster
 15968 | Elf:3    | Slain by a reaper

Vault maps used:
D:1:      erik_arrival_gehennom, tso_altar
D:4:      first_ration, serial_shops, nicolae_shop_behind_doors,
          minmay_lizard_king
D:5:      minmay_temple_entry_crystal_x, hangedman_abyss_or_decor_lesser_grid,
          uniq_prince_ribbit1
D:7:      grunt_temple_overflow_open
D:8:      kennysheep_blocky_room
D:9:      grunt_pizzeria
D:10:     due_lair_maze_entry_diamond, basic_altar, uniq_psyche
D:11:     basic_altar
D:12:     orc_0_dummy, spider_trap, kennysheep_generic_room_16
D:13:     grunt_dithmenos_smoke, uniq_urug
D:14:     grunt_vaults_entry_tiered, tgw_sif, nemelex_xobeh_ov_fountains_minmay,
          uniq_frances, uniq_roxanne
D:15:     grunt_enter_depths_magical_seal, minmay_misc_feat_room, serial_shops,
          shop, shop, st_stairs_9, uniq_nessos, uniq_azrael
Temple:   eino_narrow_crystal_temple
Orc:1:    serial_shops, shop_coins, basic_altar
Orc:2:    kennysheep_orc_mage_school, basic_altar, serial_shops,
          nicolae_shop_crystal, guppyfry_orc_lava_fort
Elf:1:    minmay_elf_demonology, nrook_mini_backslash
Elf:2:    serial_shops, shop
Elf:3:    elf_hall, feat_on_display

Skill      XL: |  1  2  3  4  5  6  7  8  9 10 11 12 13 14 |
---------------+-------------------------------------------+-----
Fighting       | 2 3 4 5 |  5.1
Axes           | 1 4 5 7 9 10 11 12 14 16 17 | 17.1
Invocations    | 1 3 4 5 6 7 8 10 | 10.0
Armour         | 1 2 4 5 6 |  6.4
Necromancy     | 2 4 6 7 8 |  8.0
Charms         | 2 4 5 7 |  7.2
Spellcasting   | 2 3 4 5 |  5.0
Earth Magic    | 4 7 9 |  9.2
Transmutations | 3 5 7 |  7.1
Dodging        | 3 |  3.3
Stealth        | |  1.5
Conjurations   | |  4.0

Action                   |  1- 3 |  4- 6 |  7- 9 | 10-12 | 13-15 || total
-------------------------+-------+-------+-------+-------+-------++-------
Melee: Unarmed           |    55 |       |       |       |       ||    55
       Whip              |     4 |       |       |       |       ||     4
       Flail             |     4 |   223 |    53 |       |       ||   280
       Dagger            |       |   119 |   317 |       |       ||   436
       Hand axe          |       |       |    50 |   504 |   845 ||  1399
       Eveningstar       |       |       |       |   204 |    57 ||   261
Throw: Throwing net      |       |       |     2 |     2 |       ||     4
 Cast: Magic Dart        |    32 |    43 |       |       |       ||    75
       Regeneration      |       |       |       |    51 |   121 ||   172
       Statue Form       |       |       |       |       |     1 ||     1
Invok: Fungal Bloom      |       |    14 |    19 |    30 |    43 ||   106
       Evolution         |       |       |       |     3 |     6 ||     9
       Growth            |       |       |       |     1 |     4 ||     5
Evoke: Wand              |       |       |    25 |    28 |    21 ||    74
       Lightning rod     |       |       |       |     4 |     4 ||     8
  Use: Scroll            |     4 |     4 |     3 |     7 |     9 ||    27
       Potion            |     1 |     4 |     1 |     3 |     1 ||    10
 Stab: Sleeping          |       |     2 |       |     4 |     2 ||     8
       Held in net/web   |       |       |       |     1 |       ||     1
       Distracted        |       |       |       |       |     4 ||     4
  Eat: Chunk             |       |     9 |    30 |    16 |    34 ||    89
Armor: Robe              |    46 |     4 |       |       |       ||    50
       Scale mail        |       |   209 |   248 |    61 |       ||   518
       Skin              |       |    17 |    15 |    14 |    27 ||    73
       Troll leather arm |       |       |       |   346 |   226 ||   572
       Leather armour    |       |       |       |       |    32 ||    32
Dodge: Dodged            |    91 |   190 |   181 |   365 |   283 ||  1110

Table legend:
 A = Spawn XP
 B = Non-spawn XP
 C = Spawn XP percentage of total XP
 D = Spawn monster count
 E = Non-spawn monster count
 F = Spawn count percentage of total count
 G = Total turns spent on level
                    A         B        C        D         E        F      G
               +---------+---------+-------+---------+---------+-------+---------
         Total |       0 |   77888 |   0.0 |       0 |     545 |   0.0 | 15968
               +---------+---------+-------+---------+---------+-------+---------
           D:1 |       0 |      72 |   0.0 |       0 |      33 |   0.0 |   822
           D:2 |       0 |     219 |   0.0 |       0 |      40 |   0.0 |   831
           D:3 |       0 |     146 |   0.0 |       0 |      35 |   0.0 |  1027
           D:4 |       0 |     148 |   0.0 |       0 |      22 |   0.0 |  1153
           D:5 |       0 |     309 |   0.0 |       0 |      13 |   0.0 |   497
           D:6 |       0 |     732 |   0.0 |       0 |      12 |   0.0 |   616
           D:7 |       0 |     524 |   0.0 |       0 |      12 |   0.0 |   595
           D:8 |       0 |    3875 |   0.0 |       0 |      33 |   0.0 |  1130
           D:9 |       0 |    3159 |   0.0 |       0 |      36 |   0.0 |   916
          D:10 |       0 |    4000 |   0.0 |       0 |      24 |   0.0 |   684
          D:11 |       0 |    4972 |   0.0 |       0 |      42 |   0.0 |  1140
          D:12 |       0 |    4470 |   0.0 |       0 |      26 |   0.0 |  1244
          D:13 |       0 |    9910 |   0.0 |       0 |      38 |   0.0 |  1193
          D:14 |       0 |    4985 |   0.0 |       0 |      13 |   0.0 |   579
         Orc:1 |       0 |    4527 |   0.0 |       0 |      46 |   0.0 |   620
         Orc:2 |       0 |   14839 |   0.0 |       0 |      81 |   0.0 |  1664
         Elf:1 |       0 |    6914 |   0.0 |       0 |      15 |   0.0 |   490
         Elf:2 |       0 |    1074 |   0.0 |       0 |       2 |   0.0 |    99
         Elf:3 |       0 |   13013 |   0.0 |       0 |      22 |   0.0 |   620
               +---------+---------+-------+---------+---------+-------+---------
